 Dungeon Crawl Stone Soup version 0.24-a0-333-g864f2b5d03 (webtiles) character file.

Game seed: 7625428827635168047

4627 HAL9000 the Slicer (level 10, -9/46 HPs)
             Began as a Vine Stalker Assassin on May 17, 2019.
             Was a Believer of Dithmenos.
             Mangled by a komodo dragon (15 damage)
             ... on level 1 of the Lair of Beasts.
             The game lasted 00:18:28 (8145 turns).

HAL9000 the Slicer (Vine Stalker Assassin)          Turns: 8145, Time: 00:18:29

Health: -9/46      AC:  5    Str: 15    XL:     10   Next: 42%
Magic:  0/21       EV: 11    Int: 16    God:    Dithmenos [**....]
Gold:   515        SH:  0    Dex: 17    Spells: 17/22 levels left

rFire    . . .     SeeInvis .   r - +10 falchion "Sytet" {protect, rElec rPois rC++ Stlth-}
rCold    + + .     Gourm    .   (no shield)
rNeg     . . .     Faith    .   H - +2 robe {Archmagi}
rPois    +         Spirit   +   (no helmet)
rElec    +         Reflect  .   c - +0 cloak
rCorr    .         Harm     .   (no gloves)
MR       +....                  (no boots)
Stlth    ++........             u - amulet of regeneration
HPRegen  0.95/turn              n - +4 ring of intelligence
MPRegen  0.17/turn              (no ring)

@: wreathed by umbra
A: fangs 3, regeneration 1, magic shield, antimagic bite, no potion heal 3, rot
immunity
a: Shadow Step, Renounce Religion


You were on level 1 of the Lair of Beasts.
You worshipped Dithmenos.
Dithmenos was pleased with you.
You were not hungry.

You visited 3 branches of the dungeon, and saw 10 of its levels.
You also visited: Sewer and Ossuary.

You collected 515 gold pieces.

Inventory:

Hand Weapons
 a - a +2 dagger of electrocution
 e - a +1 rapier of holy wrath
 r - the +10 falchion "Sytet" (weapon) {protect, rElec rPois rC++ Stlth-}
   (You found it on level 4 of the Dungeon)

   It grants its wielder temporary protection when it strikes (+7 to AC).
   It greatly protects you from cold.
   It insulates you from electricity.
   It protects you from poison.
   It makes you less stealthy.
Missiles
 d - 18 poisoned darts
 A - a curare-tipped dart
 D - 3 boomerangs (quivered)
Armour
 c - a +0 cloak (worn)
 i - a +0 leather armour
 G - a +0 shield
 H - a +2 robe of the Archmagi (worn)
Jewellery
 n - a +4 ring of intelligence (left hand)
 u - an amulet of regeneration (around neck)
Wands
 B - a wand of acid (5)
 I - a wand of paralysis (1)
Scrolls
 b - 2 scrolls of amnesia {unknown}
 g - 3 scrolls of identify {unknown}
 h - 3 scrolls of magic mapping
 j - 13 scrolls of remove curse
 l - 2 scrolls of enchant weapon {unknown}
 m - 3 scrolls of enchant armour {unknown}
 o - 3 scrolls of immolation {unknown}
 s - a scroll of teleportation {unknown}
 t - a scroll of blinking {unknown}
 w - a scroll of fear {unknown}
 y - a scroll of holy word {unknown}
 C - a scroll of fog {unknown}
 F - a scroll of random uselessness {unknown}
Potions
 k - 4 potions of might {unknown}
 p - 3 potions of heal wounds {unknown}
 q - 5 potions of curing
 v - a potion of brilliance {unknown}
 x - 2 potions of magic {unknown}
 z - a potion of agility {unknown}
 E - a potion of cancellation {unknown}
Comestibles
 f - 15 rations
 J - 2 chunks of flesh


   Skills:
 - Level 1.7 Fighting
 - Level 11.0 Short Blades
 - Level 1.7 Throwing
 - Level 0.7 Dodging
 - Level 4.8 Stealth
 + Level 6.7 Spellcasting
 + Level 5.7 Charms


You had 17 spell levels left.
You knew the following spells:

 Your Spells              Type           Power        Failure   Level  Hunger
a - Regeneration          Chrm/Necr      ###.......   12%         3    ##.....
b - Shroud of Golubria    Chrm/Tloc      ###.......   6%          2    None

Your spell library contained the following spells:

 Spells                   Type           Power        Failure   Level  Hunger
 Infusion                 Chrm           ####         1%          1    None
 Song of Slaying          Chrm           #####...     1%          2    None
 Spectral Weapon          Hex/Chrm       ###.....     12%         3    ##.....


Dungeon Overview and Level Annotations

Branches:
Dungeon (8/15)             Temple (1/1) D:5            Lair (1/6) D:8

Altars:
Ashenzari
Cheibriados
Dithmenos
Elyvilon
Fedhas
Gozag
Hepliaklqana
Kikubaaqudgha
Makhleb
Nemelex Xobeh
Okawaru
Qazlal
Ru
Sif Muna
Trog
Uskayaw
Vehumet
Wu Jian
Xom
Yredelemnul
Zin
The Shining One

Shops:
D:5 !


Innate Abilities, Weirdness & Mutations

You have razor-sharp teeth.
Your natural rate of healing is unusually fast.
When hurt, damage is shared between your health and your magic reserves.
Your bite disrupts and absorbs the magic of your enemies.
Potions cannot restore your health.
You are immune to rotting.


Message History

Okay, then.
Wield which item (- for none, * to show all)? (? for menu, Esc to quit)
Your +2 dagger of electrocution stops crackling.
The +10 falchion "Sytet" {protect, rElec rPois rC++ Stlth-} hums with potential!
r - the +10 falchion "Sytet" (weapon)
{protect, rElec rPois rC++ Stlth-} You climb downwards.
Welcome back to the Lair of Beasts!
The komodo dragon bites you!! x2
There is a staircase back to the Dungeon, spattered with blood here.
Unknown command.
You completely miss the komodo dragon. The komodo dragon bites you.
You barely miss the komodo dragon. Your bite misses the komodo dragon.
The komodo dragon bites you!!
* * * LOW HITPOINT WARNING * * *
Unknown command.
Okay, then.
An electric eel comes into view.
Found 21 stones.
You see here 3 gold pieces.
The komodo dragon bites you!
You die...

#########...
#.......#..#
...........##
.......$....#
............#
............##
.......[.....#
.......<...@.#
..........l..##...
..........$........
...................
..............#≈..≈
...............≈P≈≈
...............≈≈≈≈
...............≈≈≈P
..............≈≈P


You could see a komodo dragon.

Vanquished Creatures
  A death yak (D:7)
  A spiny frog (D:8)
  Psyche (D:8)
  Prince Ribbit (D:8)
  2 hippogriffs
  A yak (D:8)
  Eustachio (D:6)
  2 water moccasins
  A porcupine (D:8)
  An orc warrior (D:8)
  2 ice beasts
  A sky beast (D:5)
  5 bullfrogs
  2 scorpions
  4 wights (D:6)
  3 howler monkeys (D:8)
  4 crimson imps
  2 hounds
  2 jellies
  3 orc priests
  3 iguanas
  8 worker ants
  7 orc wizards
  A hound skeleton (D:4)
  8 mummies (Ossuary)
  A worker ant zombie (D:7)
  8 adders
  2 shadow imps
  2 oozes
  An adder skeleton (D:8)
  3 dart slugs
  6 worms
  14 leopard geckos
  31 orcs
  5 ball pythons
  9 bats
  8 giant cockroaches
  A gnoll zombie (Ossuary)
  7 goblins
  8 hobgoblins
  13 jackals
  4 quokkas
  10 frilled lizards
  5 hobgoblin zombies (Ossuary)
  7 kobolds
  2 orc zombies (Ossuary)
  8 rats
  A plant (Sewer)
223 creatures vanquished.

Notes
Turn   | Place    | Note
-------+----------+-------------------------------------------
     0 | D:1      | HAL9000 the Vine Stalker Assassin began the quest for the
                  | Orb.
     0 | D:1      | Reached XP level 1. HP: 11/11 MP: 2/2
    16 | D:1      | Reached skill level 2 in Short Blades
   103 | D:1      | Reached XP level 2. HP: 5/15 MP: 1/3
   543 | D:1      | Reached skill level 3 in Short Blades
   571 | D:1      | Reached XP level 3. HP: 10/18 MP: 2/4
  1417 | D:2      | Gained mutation: Your natural rate of healing is unusually
                  | fast. [Vine Stalker growth]
  1417 | D:2      | Reached XP level 4. HP: 6/23 MP: 3/5
  1616 | D:2      | Reached skill level 4 in Short Blades
  2272 | D:3      | Reached XP level 5. HP: 21/26 MP: 4/6
  2412 | D:3      | Noticed a water moccasin
  2455 | D:3      | Killed a water moccasin
  2455 | D:3      | Reached skill level 5 in Short Blades
  2455 | D:3      | Reached XP level 6. HP: 17/30 MP: 4/7
  3056 | D:3      | Found a burning altar of Makhleb.
  3056 | D:3      | Found a shimmering altar of Xom.
  3059 | D:3      | Reached skill level 6 in Short Blades
  3219 | D:4      | Reached XP level 7. HP: 34/34 MP: 8/8
  3301 | D:4      | Found a sand-covered staircase.
  3310 | Ossuary  | Entered an ossuary
  3462 | Ossuary  | Reached skill level 7 in Short Blades
  4337 | D:4      | Found an opulent altar of Gozag.
  4338 | D:4      | Found a sparkling altar of Nemelex Xobeh.
  4352 | D:4      | Got a slimy falchion
  4353 | D:4      | Identified the +10 falchion "Sytet" {protect, rElec rPois
                  | rC++ Stlth-} (You found it on level 4 of the Dungeon)
  4463 | D:5      | Entered Level 5 of the Dungeon
  4463 | D:5      | Found a staircase to the Ecumenical Temple.
  4475 | Temple   | Entered the Ecumenical Temple
  4605 | Temple   | Became a worshipper of Dithmenos the Shadowed
  4643 | D:5      | Learned a level 3 spell: Regeneration
  4646 | D:5      | Learned a level 2 spell: Shroud of Golubria
  4650 | D:5      | Found Laqouxukh's Distillery.
  4675 | D:5      | Reached skill level 8 in Short Blades
  4783 | D:5      | Gained mutation: You have razor-sharp teeth. [Vine Stalker
                  | growth]
  4783 | D:5      | Reached XP level 8. HP: 35/38 MP: 9/9
  4956 | D:5      | Found a glowing drain.
  4974 | Sewer    | Entered a sewer
  5284 | Sewer    | Reached * piety under Dithmenos
  5892 | D:6      | Reached skill level 9 in Short Blades
  5927 | D:6      | Noticed Eustachio
  5941 | D:6      | Killed Eustachio
  6137 | D:6      | Reached skill level 10 in Short Blades
  6239 | D:6      | Found a deep blue altar of Sif Muna.
  6239 | D:6      | Found a basalt altar of Yredelemnul.
  6304 | D:6      | Reached XP level 9. HP: 30/42 MP: 7/10
  6768 | D:7      | Reached skill level 11 in Short Blades
  6828 | D:7      | Reached skill level 1 in Spellcasting
  6828 | D:7      | Reached skill level 1 in Charms
  6876 | D:7      | Reached ** piety under Dithmenos
  7399 | D:8      | Noticed a death yak
  7400 | D:8      | Noticed a death yak
  7401 | D:8      | Noticed a death yak
  7479 | D:7      | Killed a death yak
  7479 | D:7      | Reached skill level 5 in Spellcasting
  7479 | D:7      | Reached skill level 5 in Charms
  7479 | D:7      | Reached XP level 10. HP: 14/46 MP: 7/18
  7601 | D:8      | Noticed Psyche
  7603 | D:8      | Paralysed by Psyche for 4 turns
  7614 | D:8      | Killed Psyche
  7657 | D:8      | Found a staircase to the Lair.
  7676 | D:8      | Noticed a white ugly thing
  7687 | D:8      | Noticed Prince Ribbit
  7910 | Lair:1   | Entered Level 1 of the Lair of Beasts
  7910 | Lair:1   | Noticed a spiny frog
  7985 | D:8      | Killed a spiny frog
  8015 | D:8      | Killed Prince Ribbit
  8140 | Lair:1   | HP: 1/46 [komodo dragon (20)]
  8145 | Lair:1   | Mangled by a komodo dragon

Levels and vault maps discovered:
D:1:      minmay_arrival_cross, layout_rooms
D:2:      layout_basic
D:3:      layout_basic, grunt_temple_overflow_champion_of_chaos, first_ration,
          minmay_misc_feat_diagonals, st_stairs_11, chequers_avenue
D:4:      layout_loops_ring, grunt_temple_overflow_opulence, enter_ossuary_1
D:5:      layout_basic, minmay_temple_entry_offerings, serial_shops, shop,
          gup_sewer_entry_pipe
D:6:      layout_loops_ring, gammafunk_temple_overflow_pools, uniq_eustachio
D:7:      layout_cave_pools
D:8:      layout_basic, dpeg_lair_monsters, uniq_psyche, uniq_prince_ribbit1
Temple:   eino_temple_rhombus
Lair:1:   layout_cave_pods, beast_lair_carwin_4, serial_bayou_shore_a,
          lemuel_fruit_fields, grunt_megastairs_4

Skill      XL: |  1  2  3  4  5  6  7  8  9 10 |
---------------+-------------------------------+-----
Short Blades   | 2 3 4 5 6 8 10 11 | 11.0
Spellcasting   | 5 6 |  6.7
Charms         | 5 |  5.7
Fighting       | |  1.7
Throwing       | |  1.7
Dodging        | |  0.7
Stealth        | |  4.8

Action                   |  1- 3 |  4- 6 |  7- 9 | 10-12 || total
-------------------------+-------+-------+-------+-------++-------
Melee: Dagger            |   122 |   136 |   212 |    17 ||   487
       Bite              |    28 |    26 |   107 |     9 ||   170
       Falchion          |       |       |   161 |    15 ||   176
Throw: Dart              |     2 |     2 |     2 |       ||     6
       Boomerang         |       |       |       |     2 ||     2
 Cast: Shroud of Golubri |       |       |     1 |     1 ||     2
       Regeneration      |       |       |       |     1 ||     1
Evoke: Wand              |       |       |       |     1 ||     1
  Use: Potion            |     1 |       |     2 |       ||     3
       Scroll            |       |     2 |       |       ||     2
 Stab: Sleeping          |     2 |    12 |    10 |     1 ||    25
       Distracted        |       |     1 |     2 |       ||     3
  Eat: Chunk             |     2 |     5 |    11 |     2 ||    20
       Ration            |       |       |     1 |       ||     1
Armor: Robe              |    21 |       |     8 |     7 ||    36
       Leather armour    |    14 |    29 |    56 |       ||    99
Dodge: Dodged            |    68 |    65 |   110 |    16 ||   259
       Rpst.: Falchion   |       |       |    15 |     1 ||    16

Table legend:
 A = Non-vault XP
 B = Vault XP
 C = Vault XP percentage of total XP
 D = Non-vault monster count
 E = Vault monster count
 F = Vault count percentage of total count
                 A         B        C        D         E       F
            +---------+---------+-------+---------+---------+-------
      Total |    4215 |    2396 |  36.2 |     170 |      52 |  23.4
            +---------+---------+-------+---------+---------+-------
        D:1 |      50 |       0 |   0.0 |      25 |       0 |   0.0
        D:2 |     103 |       0 |   0.0 |      24 |       0 |   0.0
        D:3 |     101 |     196 |  66.0 |      27 |       4 |  12.9
        D:4 |     485 |       0 |   0.0 |      22 |       0 |   0.0
        D:5 |     395 |      22 |   5.3 |      10 |       8 |  44.4
        D:6 |     678 |     202 |  23.0 |      15 |       1 |   6.2
        D:7 |    1008 |     884 |  46.7 |      28 |       1 |   3.4
        D:8 |    1395 |     896 |  39.1 |      19 |       3 |  13.6
      Sewer |       0 |      40 | 100.0 |       0 |      19 | 100.0
    Ossuary |       0 |     156 | 100.0 |       0 |      16 | 100.0
            +---------+---------+-------+---------+---------+-------
